← All builds
Front / Armada / Quick factory / OBSERVED BUILD

Mace rush

Front skips the usual Vehicle Plant opening for an early Bot Lab, pushing Mace bots out by 2:18 to fight forward at middle well before the norm, later adding Centurion to hold the line.

#rush #push · 15 distinct matches · 8 players · 1% of Armada Front games · team won 47% of 15 · Recently observed

THE CATCH, AND WHAT COMES WITH IT
  • MaceT1 bot assault from 2:18 · 3% of role by thenFrom the Bot Lab. Only 3% of Front games have it by then; others who build it get it around 3:09
  • MaceMace in 87%2% of all Front games by then
  • CenturionCenturion in 40%13% of all Front games by then

Where those units first fight, in 15 games with kill data: in the middle 87%, on their own side 13%.

Those units destroy a typical 2,122 metal of enemy units by 15:00.

Then transitions into pawn (8% of army).

HOW TO PLAY IT

Key timing: Mace by 2:18

  1. Open Bot Lab fast with mex spread as usual for Front.
  2. Push Mace out far earlier than normal to fight at middle.
  3. Keep Mace flowing to sustain pressure on the middle push.
  4. Reinforce with more Mace to hold the line as numbers grow.
  5. Fold in Centurion and settle into a standard bot-heavy composition.

Phase by phase

TYPICAL OF ITS 15 GAMES · AGAINST STANDARD FRONT
  1. 1
  2. 2
  3. 3
  4. 4
PLAY THE OPENING

Follow the example game's first 6:00 step by step: what to build now, what comes next, and where it goes. At 1× it keeps pace with your own game.

  1. 1

    Up to the Bot Lab

    Economy
    • Metal Extractor2Mex
    Order
    1. Bot LabBot Lab after 2 mexdone ~0:33, middle half 0:26–0:42

    By 0:16 in all: 2 mex

    The example game in this phase · 2 steps
    1. Mex
    2. Bot LabBot Labdone 0:26 · typical 0:33
  2. 2

    Bot Lab to T1 bot assault

    Economy
    • Metal Extractor3Mex
    • Wind Turbine2Wind
    Order
    1. MaceT1 bot assault after 5 mex, 2 wind
    Builders
    • Construction Bot2 Con bot +2 vs standard
    • Lazarus1 Lazarus
    Army
    • Centurion1 Centurion
    • Tick1 Tick

    Some games also: pawn (40%)

    The standard build makes here, this one skips: 2 con vehicle

    By 2:18 in all: 5 mex · 2 wind

    The example game in this phase · 17 steps
    1. Wind
    2. PawnPawn
    3. Wind
    4. PawnPawn
    5. Mex
    6. PawnPawn
    7. Mex
    8. CenturionCenturion
    9. Mex
    10. Construction BotCon bot
    11. Mex
    12. Construction BotCon bot
    13. LazarusLazarus
    14. Con turret
    15. Mex
    16. LazarusLazarus
    17. MaceMacedone 2:48
  3. 3

    T1 bot assault to 5:00

    Economy
    • Metal Extractor2Mex
    • Wind Turbine4Wind+2 vs standard
    Builders
    • Construction Turret1 Con turret
    • Lazarus2 Lazarus +2 vs standard
    Army
    • Sentry1 Sentry
    • Mace11 Mace +11 vs standard

    Some games also: con bot (40%)

    By 5:00 in all: 7 mex · 11 wind (standard 5) · 1 con turret

    The example game in this phase · 28 steps
    1. SentrySentry
    2. MaceMace ×2
    3. SentrySentry
    4. MaceMace
    5. Wind
    6. MaceMace
    7. Wind
    8. LazarusLazarus
    9. Wind
    10. MaceMace
    11. Wind
    12. SentrySentry
    13. MaceMace
    14. Wind
    15. MaceMace
    16. Wind
    17. MaceMace
    18. Con turret
    19. MaceMace
    20. Con turret
    21. Wind
    22. LazarusLazarus
    23. MaceMace
    24. Wind ×2
    25. MaceMace
    26. Wind ×2
    27. MaceMace
    28. Wind
  4. 4

    5:00 to 10:00

    Economy
    • Metal Extractor1Mex
    • Wind Turbine19Wind
    Builders
    • Construction Turret3 Con turret
    • Lazarus3 Lazarus +3 vs standard
    • Construction Bot1 Con bot
    Army
    • Mace9 Mace +9 vs standard

    Some games also: Sentry (47%) · centurion (40%) · Beamer (40%) · converter (40%) · Radar Tower (40%)

    The standard build makes here, this one skips: 4 blitz

    By 10:00 in all: 8 mex · 30 wind · 4 con turret

    The example game in this phase · 124 steps
    1. MaceMace
    2. Wind ×2
    3. MaceMace
    4. Wind ×2
    5. LazarusLazarus
    6. Wind ×2
    7. MaceMace ×3
    8. Wind ×2
    9. MaceMace
    10. ThugThug
    11. Wind
    12. MaceMace
    13. Wind ×2
    14. MaceMace
    15. SentrySentry
    16. Wind
    17. MaceMace
    18. Wind
    19. MaceMace
    20. Mex
    21. Wind ×3
    22. LazarusLazarus
    23. Wind ×2
    24. MaceMace
    25. Wind ×2
    26. SentrySentry
    27. MaceMace
    28. Wind ×2
    29. MaceMace
    30. Wind ×2
    31. MaceMace
    32. Wind ×2
    33. MaceMace
    34. Wind
    35. SentrySentry
    36. Advanced Metal ExtractorT2 mexdone 7:55 · typical 9:32
    37. LazarusLazarus
    38. SentrySentry
    39. Wind
    40. SentrySentry
    41. Wind ×5
    42. Advanced Metal ExtractorT2 mex
    43. Wind
    44. Advanced Metal ExtractorT2 mex
    45. Wind
    46. MaceMace
    47. Con turret ×2
    48. Wind
    49. Advanced Metal ExtractorT2 mex
    50. Wind ×12
    51. Construction BotCon bot
    52. Wind ×3
    53. Con turret
    54. Wind
    55. Converter
    56. Wind
    57. Converter
    58. Wind
    59. Converter
    60. Wind
    61. Advanced Metal ExtractorT2 mex
    62. Converter ×2
    63. Wind
    64. Converter
    65. Wind ×2
    66. Converter
    67. Wind
    68. Converter
    69. Wind
    70. Converter
    71. Wind ×2
    72. Converter
    73. Wind
    74. Converter
    75. Wind
    76. Converter
    77. Wind ×3
    78. Advanced Metal ExtractorT2 mex
    79. Wind
    80. Advanced Bot LabAdvanced Bot Labdone 11:30
    81. Pit BullPit Bull
    82. WelderWelder ×4
    83. Wind
    84. WelderWelder
    85. Wind
    86. SmugglerJammer bot
    87. Wind
    88. CompassRadar bot
    89. Wind
    90. SharpshooterSniper botdone 12:38
    91. SentrySentry
    92. Wind
    93. SentrySentry
    94. SharpshooterSniper bot
    95. Wind
    96. SentrySentry
    97. LazarusLazarus
    98. SharpshooterSniper bot
    99. Pit BullPit Bull
    100. LazarusLazarus
    101. Wind
    102. Advanced Construction BotT2 con bot
    103. LazarusLazarus
    104. SharpshooterSniper bot
    105. LazarusLazarus
    106. Con turret
    107. Wind
    108. Con turret
    109. LazarusLazarus
    110. Con turret
    111. ArbalestArbalest
    112. ArchangelArchangeldone 13:41
    113. Con turret
    114. Wind
    115. ArchangelArchangel
    116. Wind ×2
    117. SharpshooterSniper bot
    118. Wind ×11
    119. Fusion ReactorFusiondone 14:48
    120. ArbalestArbalest
    121. Wind ×2
    122. Fusion ReactorFusion
    123. SentrySentry ×2
    124. MaceMace

Counts are medians over the build's games: half of them build more, half fewer. The example game is [crd]sisa's (43 OS, 11/09/2026); pick another.

Team trades

IN AT LEAST 30% OF ITS GAMES

You hand over

Nothing regular.

You get

  • Tidal Generator4 Tidal from Pondfirst at 0:18 · in 80% of games
  • Advanced Construction Bot1 T2 con bot from Geo or Techfirst at 7:18 · in 60% of games

How it plays out

Typical game of this build against the role’s standard build, running totals by minute

  • This build
  • Standard front

Metal produced

010k20k30k
0:005:0010:0015:00

metal

Enemy metal destroyed

05k10k
0:005:0010:0015:00

metal

Own metal lost

05k10k
0:005:0010:0015:00

metal

15 games.

Show as table
ByMetal produced: This buildMetal produced: Standard frontEnemy metal destroyed: This buildEnemy metal destroyed: Standard frontOwn metal lost: This buildOwn metal lost: Standard front
1:003313330000
2:00863846021031
3:00169916247514071105
4:0027952712439540182333
5:004062386810841188910813
6:00534350761735209913521526
7:00644163142290298430462459
8:00782876623193387133583365
9:00913390873580463246404312
10:0011085106664118530860935060
11:0013421126084462581961335701
12:0015520148154462631368986521
13:0018534174405930698171867256
14:0019950201836162758492778093
15:0023449226306842839496728939
WHAT THE NUMBERS SAY

Team win rate fell well short of the standard build despite similar economy and damage numbers.

  • + Metal produced stayed close to or above standard through 15:00.
  • + Mace timing at 2:18 is drastically ahead of the role's norm.
  • − Team win rate 47% versus standard's 61%.
  • − Own metal lost at 10:00 above standard (6093 vs 5092).
THE EXAMPLE YOU ARE READING

[crd]sisa

43.3 OS · 11/09/2026

Open source match ↗

6 received units · includes a constructor
1135 metal received · 23425 energy received

Allied construction assistance is unknown. Timings are observations, not a promise of solo reproducibility.

Typical milestones

Bot Lab0:33Middle 50%: 0:26–0:42 · n=15
Advanced Metal Extractor9:32Middle 50%: 8:37–11:20 · n=12

Played most by

[crd]sisa7games of this buildOUDLES2games of this buildCentientWaffle1game of this buildhaaven1game of this buildJustSomeGuy1game of this build